 Dungeon Crawl Stone Soup version 0.29-a0-841-g116ddc6ace (webtiles) character file.

Game seed: 12287083687427362741

123 Spectrina the Covert (level 4, -2/27 HPs)
             Began as a Vampire Delver on July 14, 2022.
             Slain by an orc
             ... wielding a +1 mace of protection
              (6 damage)
             ... on level 4 of the Dungeon on July 15, 2022.
             The game lasted 00:04:51 (382 turns).

Spectrina the Covert (Vampire Delver)                Turns: 382, Time: 00:04:52

Health: -2/27      AC:  3    Str: 11    XL:     4   Next: 80%
Magic:  4/4        EV: 12    Int: 12    God:
Gold:   71         SH:  0    Dex: 17    Spells: 3/3 levels left

rFire   . . .      SeeInvis +   a - +0 short sword
rCold   + + .      Faith    .   (no shield)
rNeg    + + +      Spirit   .   b - +0 leather armour
rPois   ∞          Reflect  .   (no helmet)
rElec   .          Harm     .   (no cloak)
rCorr   .          Rampage  .   (no gloves)
Will    .....                   (no boots)
Stlth   ++++++....              (no amulet)
HPRegen 0.00/turn               (no ring)
MPRegen 0.09/turn               (no ring)

@: bloodless, inhibited regen
A: bloodless, fangs 3, see invisible, vampiric 2
a: Bat Form, Revivify


You were on level 4 of the Dungeon.
You visited 1 branch of the dungeon, and saw 4 of its levels.

You collected 71 gold pieces.

Inventory:

Hand Weapons
 a - a +0 short sword (weapon)
 m - a +0 dagger
Missiles
 l - 2 throwing nets (quivered)
Armour
 b - a +0 leather armour (worn)
 j - a +0 plate armour
Jewellery
 k - a ring of positive energy
Wands
 g - a wand of digging (3)
 h - a wand of paralysis (10)
Scrolls
 c - 2 scrolls of fog
 d - a scroll of magic mapping
 e - a scroll of fear
 i - a scroll of identify {unknown}
Potions
 f - a potion of haste


   Skills:
 - Level 2.6 Fighting
 + Level 4.2 Short Blades
 - Level 2.1 Dodging
 + Level 9.0 Stealth


You had 3 spell levels left.
You didn't know any spells.
Your spell library was empty.

Dungeon Overview and Level Annotations

Branches:
Dungeon (6/15)
 Temple: D:4-7

Altars:
Gozag

Shops:
D:5 **


Innate Abilities, Weirdness & Mutations

You do not regenerate when monsters are visible.
You are frail without blood (-20% HP).
You can heal yourself when you bite living creatures.
You are immune to poison.
You have razor-sharp teeth.
You have supernaturally acute eyesight. (SInv)
You are afflicted with vampirism and can become a bat while bloodless.


Message History

You hit the hound.
The hound is moderately wounded.
The hound closely misses you. The hound bites you.
You miss the hound.
The hound is moderately wounded.
An orc comes into view. It is wielding a +1 mace of protection.
The hound closely misses you.
You closely miss the hound.
The hound is moderately wounded.
The hound bites you.
You barely miss the hound.
The hound is moderately wounded.
The hound bites you but does no damage. The hound bites you.
You barely miss the hound.
The hound is moderately wounded.
The hound bites you but does no damage.
The orc shouts!
You hit the hound.
The hound is heavily wounded.
The hound closely misses you.
You barely miss the hound.
The hound is heavily wounded.
The hound closely misses you. x2
You hit the hound.
The hound is heavily wounded.
The hound closely misses you.
You closely miss the hound.
The hound is heavily wounded.
The hound closely misses you.
The orc hits you with a +1 mace of protection!
You hit the orc.
The orc is lightly wounded.
The hound bites you.
* * * LOW HITPOINT WARNING * * *
The hound bites you.
* * * LOW HITPOINT WARNING * * *
You hit the orc.
The orc is moderately wounded.
The orc hits you with a +1 mace of protection.
You die...

##.###..#.##.#.#
... #.....[...#
##.# ##....#.###
#. #....).# #.
##...### #...#
#...#
...######...####
#....o@)........
......h..........
##...............
...######...#####
## #...# #...#
#...# ...#


You could see a hound and an orc.

Vanquished Creatures
  A phantom (D:6)
  A hound (D:5)
  An ufetubus (D:5)
  4 orcs
  2 ball pythons
  An endoplasm (D:4)
  2 goblins
  2 hobgoblins (D:4)
14 creatures vanquished.

Notes
Turn   | Place    | Note
-------+----------+-------------------------------------------
     0 | D:5      | Spectrina the Vampire Delver began the quest for the Orb.
     0 | D:5      | Reached XP level 1. HP: 17/17 MP: 1/1
    27 | D:6      | Noticed a phantom
    40 | D:6      | Killed a phantom
    41 | D:6      | Reached skill level 8 in Stealth
    41 | D:6      | Reached XP level 2. HP: 10/18 MP: 2/2
    41 | D:6      | Gained mutation: You are afflicted with vampirism and can
                  | become a bat while bloodless. [Vampire growth]
    41 | D:6      | Reached XP level 3. HP: 12/22 MP: 3/3
    41 | D:6      | Reached XP level 4. HP: 15/27 MP: 4/4
   135 | D:5      | Found Siacick's Serpentskin Sales.
   135 | D:5      | Noticed a water moccasin
   165 | D:5      | Found an opulent altar of Gozag.
   167 | D:5      | Found Gozag's Platinum Reserve.
   363 | D:4      | Reached skill level 9 in Stealth
   382 | D:4      | Slain by an orc

Illustrated notes

Levels and vault maps discovered:
D:3:      layout_loops_cross, shapermc_ecumenical_altar_totnotflames,
          minmay_ogre_servants
D:4:      layout_loops_cross
D:5:      layout_rooms, nicolae_gozag_zags_fifth_avenue, serial_rivers,
          chequers_serial_rivers_room_b, chequers_serial_rivers_small_a,
          chequers_serial_rivers_micro_a, chequers_serial_rivers_small_b,
          chequers_serial_rivers_room_b, chequers_serial_rivers_micro_a,
          guppyfry_shop_venom
D:6:      layout_loops_corners, mainiacjoe_overflow_large_starburst,
          minmay_temple_entry_fiery, serial_shops, shop

Skill      XL: |  1  2  3  4 |
---------------+-------------+-----
Short Blades   | 3 4 |  4.2
Stealth        | 8 9 |  9.0
Fighting       | |  2.6
Dodging        | |  2.1

Action                   |  1- 3 |  4- 6 || total
-------------------------+-------+-------++-------
Melee: Short sword       |     7 |    36 ||    43
       Bite              |       |     3 ||     3
 Abil: Exsanguinate      |     1 |       ||     1
 Stab: Sleeping          |     1 |     6 ||     7
Armor: Leather armour    |     1 |     4 ||     5
Dodge: Dodged            |     3 |    19 ||    22

Table legend: (Time is in decaauts)
 A = Elapsed time spent in this place.
 B = Non-inter-level travel time spent in this place.
 C = Inter-level travel time spent in this place.
 D = Time resting spent in this place.
 E = Time spent auto-exploring this place.
 F = Levels seen in this place.
 G = Mean time per level.
                   A        B        C        D        E       F      G
               +--------+--------+--------+--------+--------+-----+--------+
         Total |    379 |    379 |      0 |      0 |      0 |   4 |   94.8 |
       Dungeon |    379 |    379 |      0 |      0 |      0 |   4 |   94.8 |
               +--------+--------+--------+--------+--------+-----+--------+

Top non-repeatable levels by time:
     D:5: 193 daAuts
     D:4: 123 daAuts
     D:6: 46 daAuts
     D:3: 15 daAuts
